 Dungeon Crawl Stone Soup version 0.32-a0-893-gf85d74f360 (webtiles) character file.

Game seed: 646586570033913740

35 pokedragonboy the Grasshopper (level 3, 0/33 HPs)
             Began as a Naga Warper on Apr 3, 2024.
             Slain by a gnoll
             ... wielding a +0 halberd
             ... led by a gnoll bouda
              (9 damage)
             ... on level 2 of the Dungeon.
             The game lasted 00:02:15 (917 turns).

pokedragonboy the Grasshopper (Naga Warper)          Turns: 917, Time: 00:02:15

Health: 0/33       AC:  2    Str: 15    XL:     3   Next: 33%
Magic:  6/6        EV:  8    Int: 13    God:
Gold:   19         SH:  0    Dex: 10    Spells: 6/6 levels left

rFire   . . .        a - +0 spear
rCold   . . .        (no shield)
rNeg    . . .        b - +0 leather armour
rPois   +            (no helmet)
rElec   .            (no cloak)
rCorr   .            (no gloves)
SInv    +            (no barding)
Will    .....        (no amulet)
Stlth   +            (no ring)
HPRegen 0.25/turn    (no ring)
MPRegen 0.10/turn

%: no passive effects
@: short of breath, weakened, attractive, very slow
A: AC +1, large, see invisible, deformed body, poison resistance, slowness 2,
spit poison 1, naga tail 1
a: Spit Poison


You were on level 2 of the Dungeon.
You visited 1 branch of the dungeon, and saw 2 of its levels.

You collected 19 gold pieces.

Inventory:

Hand Weapons
 a - a +0 spear (weapon)
Missiles
 d - 7 darts of dispersal
Armour
 b - a +0 leather armour (worn)
Scrolls
 c - a scroll of blinking
 f - 2 scrolls of teleportation {unknown}
Potions
 g - a potion of degeneration {unknown}


   Skills:
 + Level 2.4 Fighting
 + Level 2.4 Polearms
 - Level 0.8 Throwing
 - Level 0.7 Armour
 + Level 2.0 Dodging
 - Level 2.0 Spellcasting
 + Level 3.3 Translocations


You had 6 spell levels left.
You didn't know any spells.
Your spell library contained the following spells:

 Spells                   Type           Power      Damage    Failure   Level
 Blink                    Tloc           20%        N/A       12%         2
 Lesser Beckoning         Tloc           20%        N/A       12%         2
 Maxwell's Portable Pile  Tloc           10%        2d(6-16)  24%         3
 Teleport Other           Tloc           10%        N/A       24%         3
 Vhi's Electric Charge    Tloc/Air       10%        N/A       83%         4


Dungeon Overview and Level Annotations

Branches:
Dungeon (2/15)

Altars:


Innate Abilities, Weirdness & Mutations

Your serpentine skin is tough. (AC +1)
You have supernaturally acute eyesight. (SInv)
Armour fits poorly on your strangely shaped body.
Your system is resistant to poisons. (rPois)
You cover ground very slowly.
You can spit poison.
You have a snake-like lower body.


Message History

The jackal barely misses you. The jackal attacks as it pursues you!
The jackal bites you. The jackal closely misses you.
The gnoll bouda barks out a call to the hunt!
The gnolls pick up the pace!
The kobold misses you.
You hear a bark!
The jackal attacks as it pursues you! The jackal barely misses you.
The jackal bites you but does no damage.
The gnoll hits you from afar with a +0 halberd.
You have got your breath back.
The jackal attacks as it pursues you!
The jackal bites you but does no damage.
The jackal closely misses you.
The jackal bites you but does no damage.
You aren't carrying any items that you can evoke.
The jackal attacks as it pursues you! The jackal barely misses you.
The jackal bites you but does no damage.
The gnoll bouda gazes fiercely through you!
You feel your attacks grow feeble. The jackal closely misses you.
The jackal barely misses you.
Aiming: Spit Poison (2% risk of failure)
Press: ? - help, Q - select action, (/) - cycle Shift-Dir - straight line, f/p - jackal
Aim: a jackal (50% to hit)
The splash of poison misses the jackal.
The splash of poison hits the kobold!
The kobold is poisoned.
You kill the kobold!
The gnoll hits you from afar with a +0 halberd!
The jackal bites you but does no damage.
The gnoll attacks as it pursues you!
The gnoll hits you from afar with a +0 halberd.
The jackal bites you.
The gnoll hits you from afar with a +0 halberd!
* * * LOW HITPOINT WARNING * * *
The jackal bites you but does no damage.
It was a potion of attraction.
You feel attractive to monsters.
The gnoll hits you from afar with a +0 halberd!
You die...

g..### ....#######.#
#........[...
#..g##.#.##.#
#...##.#.##.#
#.g.##.#.##.#
#...##.#.##.#
#...##.#.##.#########
#.....g.gggh@.......#
##..####.##########.#
#..# #.# #.# #... ..#
#.# ##># #### #.# ..#
#.# ... #.# #.# ##
#.# #.# #.# #.#


You could see a gnoll bouda, 3 gnolls and a jackal.

Vanquished Creatures
  An endoplasm (D:2)
  4 goblins (D:1)
  6 hobgoblins (D:1)
  8 jackals
  4 kobolds
  A bat (D:1)
  A frilled lizard (D:1)
  3 rats (D:1)
28 creatures vanquished.

Notes
Turn   | Place    | Note
-------+----------+-------------------------------------------
     0 | D:1      | pokedragonboy the Naga Warper began the quest for the Orb.
     0 | D:1      | Reached XP level 1. HP: 19/19 MP: 3/3
    49 | D:1      | Reached XP level 2. HP: 15/26 MP: 5/5
   606 | D:1      | Reached XP level 3. HP: 30/33 MP: 6/6
   917 | D:2      | Slain by a gnoll

Illustrated notes

Levels and vault maps discovered:
D:1:      amcnicky_arrival_blooded_trapdoor, layout_basic
D:2:      layout_loops_ring, shapermc_ecumenical_altar_venn, minmay_tall_x

Skill      XL: |  1  2  3 |
---------------+----------+-----
Dodging        | 2 |  2.0
Fighting       | |  2.4
Polearms       | |  2.4
Throwing       | |  0.8
Armour         | |  0.7
Spellcasting   | |  2.0
Translocations | |  3.3

Action                     || total
---------------------------++-------
  Melee: Spear             ||    62
Ability: Spit Poison       ||    14
    Use: Potion            ||     1
 Armour: Leather armour    ||    43
  Dodge: Dodged            ||    24

Table legend: (Time is in decaauts)
 A = Elapsed time spent in this place.
 B = Non-inter-level travel time spent in this place.
 C = Inter-level travel time spent in this place.
 D = Time resting spent in this place.
 E = Time spent auto-exploring this place.
 F = Levels seen in this place.
 G = Mean time per level.
                   A        B        C        D        E       F      G
               +--------+--------+--------+--------+--------+-----+--------+
         Total |   1197 |   1142 |     55 |     57 |    905 |   2 |  598.5 |
       Dungeon |   1197 |   1142 |     55 |     57 |    905 |   2 |  598.5 |
               +--------+--------+--------+--------+--------+-----+--------+

Top non-repeatable levels by time:
     D:1: 1111 daAuts
     D:2: 85 daAuts
